Map: Proxima Station LE

Players

Fropez - Winner!

  • Race: Protoss Protoss
  • League: Gold
  • Spawn Location: 7:00

BdubzThaG

  • Race: Terran Terran
  • League: Silver
  • Spawn Location: 1:00

VOD

Have the link to the VOD?

Description

Time

  • Played on: Jan. 24, 2017, 6:39 p.m.
  • Length: 7:20
Show
View Real Time Build Order
Export as new Build Order

Fropez Protoss - Winner!

Build Orders: Mass Adepts 

Get SALT Encoding   

  12  0:01  Probe (Chrono Boost)  
  13  0:11  Probe (Chrono Boost)  
  14  0:23  Probe (Chrono Boost)  
  14  0:24  Pylon  
  15  0:42  Probe (Chrono Boost)  
  16  0:44  Gateway  
  16  0:48  Assimilator  
  16  0:52  Probe (Chrono Boost)  
  17  1:03  Probe (Chrono Boost)  
  18  1:17  Probe (Chrono Boost)  
  19  1:31  Gateway  
  19  1:37  Probe (Chrono Boost), Assimilator  
  19  1:39  Pylon  
  19  1:44  Cybernetics Core  
  19  1:47  Probe (Chrono Boost)  
  20  2:09  Gateway  
  20  2:16  Probe (Chrono Boost)  
  21  2:25  Adept x2  
  21  2:27  Mothership Core (Chrono Boost)  
  27  2:31  Warp Gate  
  27  2:36  Pylon  
  27  2:45  Probe (Chrono Boost)  
  28  2:52  Adept  
  28  2:54  Adept  
  28  2:55  Probe (Chrono Boost)  
  33  2:58  Pylon  
  33  3:06  Adept  
  33  3:26  Adept x2  
  35  3:38  Twilight Council  
  35  3:58  Nexus  
  35  3:59  Probe (Chrono Boost)  
  36  4:03  Adept  
  36  4:04  Resonating Glaives  
  38  4:41  Adept x3  
  44  5:02  Adept  
  46  5:08  Pylon  
  46  5:12  Probe x2 (Chrono Boost)  
  46  5:13  Adept x2  
  52  5:14  Assimilator  
  52  5:16  Pylon  
  52  5:24  Probe (Chrono Boost)  
  53  5:38  Mothership Core (Chrono Boost)  
  53  5:56  Adept x2  
  57  5:57  Adept  
  59  6:06  Gateway  
  59  6:08  Gateway  
  59  6:23  Pylon x2  
  59  6:33  Adept x3  
  61  6:52  Probe (Chrono Boost)  
  61  6:53  Probe (Chrono Boost)  
  59  7:07  Adept x5  
  67  7:12  Pylon  
Show
View Real Time Build Order
Export as new Build Order

BdubzThaG Terran 

Build Orders:  

Get SALT Encoding   

  12  0:20  Supply Depot  
  12  0:21  SCV  
  13  0:33  SCV  
  14  1:09  Barracks x2  
  14  1:14  Barracks  
  14  1:17  SCV, Supply Depot  
  15  1:29  SCV  
  16  1:42  Barracks  
  16  1:47  SCV  
  17  1:59  SCV  
  18  2:06  Marine x3  
  21  2:23  Marine  
  21  2:24  Marine  
  21  2:29  Supply Depot  
  23  2:32  Supply Depot  
  23  2:34  Marine  
  23  2:35  Marine  
  25  2:41  Marine  
  25  2:42  Marine  
  27  2:52  Marine x2  
  29  2:59  Marine  
  29  3:01  Marine  
  31  3:10  Marine x2  
  33  3:17  Marine  
  34  3:30  Marine x2  
  34  3:31  Marine  
  37  3:35  Marine  
  38  3:48  Marine  
  34  3:51  Bunker  
  35  3:57  Bunker  
  35  4:20  Bunker  
  33  4:53  SCV  
  33  4:56  Marine x4  
  38  5:05  SCV  
  39  5:14  Marine x4  
  40  5:17  SCV  
  38  5:29  SCV  
  38  5:31  Marine  
  40  5:41  SCV  
  31  6:06  Barracks  
  31  6:07  Barracks  
  31  6:09  Barracks  
  31  6:16  Marine x3  
  31  6:17  Marine  
  35  6:33  Marine  
  35  6:34  Marine  
  35  6:35  Marine  
  34  6:51  Marine  
  34  6:53  Marine  
Tags
 
Composition
Mass Adepts
Matchup
PvT
Replay Pack
All Mines
Spawn Locations
Cross Positions
Add a new tag
Caveats
  • Supply blocks, unpowered buildings, or Contaminate may cause inaccurate times.
  • Supply counts are checked every 10 seconds.